 Dungeon Crawl Stone Soup version 0.31.0-11-ge490571c62 (webtiles) character file.

Game seed: 10880115141607736126

1299 hikkokomori the Trooper (level 8, 0/60 (64) HPs)
             Began as a Formicid Fighter on Feb 1, 2024.
             Was an Initiate of Qazlal.
             Slain by a wight
             ... wielding a +2 battleaxe
              (9 damage)
             ... on level 6 of the Dungeon.
             The game lasted 00:05:47 (4996 turns).

hikkokomori the Trooper (Formicid Fighter)          Turns: 4996, Time: 00:05:48

HP:   0/60 (64)     AC:  9    Str: 22    XL:     8   Next: 87%
MP:   12/12         EV:  9    Int: 15    God:    Qazlal [......]
Gold: 249           SH:  5    Dex: 13    Spells: 6/13 levels left

rFire   . . .        n - +7 war axe of Fortitude {heavy, rC+ rN++ Int+6}
rCold   + . .        c - +0 buckler
rNeg    + + .        b - +0 scale mail
rPois   .            (helmet unavailable)
rElec   .            r - +1 cloak
rCorr   .            (no gloves)
SInv    +            (no boots)
Will    +....        (no amulet) Stlth
                     j - ring of willpower
HPRegen 0.30/turn    v - ring of flight
MPRegen 0.13/turn

%: no passive effects
@: lethally poisoned (0 -> -15), flying, drained
A: permanent stasis, dig shafts and tunnels, antennae 3, four strong arms
a: Dig, Shaft Self, Renounce Religion


You were on level 6 of the Dungeon.
You worshipped Qazlal.
Qazlal was noncommittal.
You visited 2 branches of the dungeon, and saw 8 of its levels.

You collected 249 gold pieces.

Inventory:

Hand Weapons
 a - a +0 war axe
 n - the +7 war axe of Fortitude (weapon) {heavy, rC+ rN++ Int+6}
   (You took it off a hobgoblin on level 2 of the Dungeon)

   Int+6:     It affects your intelligence (+6).
   rC+:       It protects you from cold.
   rN++:      It greatly protects you from negative energy.
 w - a +4 hand axe of electrocution
Missiles
 m - 4 poisoned darts (quivered)
 t - 4 javelins
 x - a throwing net
Armour
 b - a +0 scale mail (worn)
 c - a +0 buckler (worn)
 r - a +1 cloak (worn)
Jewellery
 j - a ring of willpower (left hand)
 v - a ring of flight (right hand)
Scrolls
 f - 2 scrolls of teleportation
 h - a scroll of summoning
 i - 2 scrolls of identify
 l - 2 scrolls of revelation
 o - 3 scrolls of poison
Potions
 d - 2 potions of might
 e - a potion of heal wounds {unknown}
 g - a potion of magic {unknown}
 k - 4 potions of curing
 p - a potion of brilliance {unknown}
 q - a potion of mutation {unknown}


   Skills:
 + Level 6.2 Fighting
 + Level 5.0 Axes
 + Level 6.1 Armour
 - Level 5.7 Shields
 + Level 3.2 Spellcasting
 + Level 4.3 Alchemy


You had 6 spell levels left.
You knew the following spells:

 Your Spells              Type           Power      Damage    Failure   Level
a - Olgreb's Toxic Radia  Alch           15%        N/A       67%         4
b - Mephitic Cloud        Conj/Alch/Air  6%         N/A       67%         3

Your spell library contained the following spells:

 Spells                   Type           Power      Damage    Failure   Level
 Sting                    Conj/Alch      36%        1d5       22%         1
 Mercury Vapours          Alch/Air       18%        N/A       34%         2
 Magic Dart               Conj           8%         1d3       50%         1
 Dazzling Flash           Conj/Hex       4%         N/A       86%         3
 Summon Ice Beast         Ice/Summ       2%         N/A       86%         3
 Volatile Blastmotes      Fire/Tloc      4%         2d10      86%         3
 Summon Blazeheart Golem  Fire/Summ      2%         N/A       99%         4
 Curse of Agony           Necr           2%         N/A       100%        5
 Silence                  Hex/Air        1%         N/A       100%        5
 Summon Mana Viper        Hex/Summ       2%         N/A       100%        5
 Starburst                Conj/Fire      1%         6d3       100%        6
 Monstrous Menagerie      Summ           1%         N/A       100%        7
 Orb of Destruction       Conj           1%         9d5       100%        7
 Spellforged Servitor     Conj/Summ      1%         N/A       100%        7
 Maxwell's Capacitive Co  Air            1%         ∞         100%        8


Dungeon Overview and Level Annotations

Branches:
Dungeon (7/15)             Temple (1/1) D:6

Altars:
Ashenzari
Cheibriados
Dithmenos
Elyvilon
Fedhas
Gozag
Kikubaaqudgha
Makhleb
Okawaru
Qazlal
Ru
Sif Muna
Trog
Uskayaw
Vehumet
Wu Jian
Xom
Yredelemnul
The Shining One

Annotations:
D:7 Dowan, Duvessa
Temple 2 transporters


Innate Abilities, Weirdness & Mutations

You cannot be hasted, slowed, berserked, paralysed or teleported.
You can dig through walls and to a lower floor.
You have a pair of large antennae on your head. (SInv)
Your four strong arms can wield two-handed weapons with a shield.


Message History

You destroy the wight!
Qazlal accepts your kill.
Things that are here:
a +0 dire flail; a +0 robe
There is a stone staircase leading down here.
You start waiting.
Done waiting.
You fly downwards.
Level annotation: Dowan, Duvessa You block Duvessa's attack.
You block the wight's attack. The wight completely misses you.
The wight barely misses you. Duvessa hits you but does no damage.
The wight hits you with a +0 great sword!
You partially resist.
You feel drained. The wight misses you.
The wight hits you with a +1 dagger of venom.
You are poisoned.
There is a stone staircase leading up, spattered with blood here.
Unknown command.
You feel very sick. The wight hits you but does no damage.
You are more poisoned.
Duvessa barely misses you. You block the bullfrog's attack.
The wight hits you with a +2 battleaxe! You partially resist.
You feel drained. The wight hits you but does no damage.
You fly upwards.
You feel very sick.
There is a stone staircase leading down here.
Unknown command.
You hit the wight.
The wight is moderately damaged.
You hit the wight. You hit the wight but do no damage.
You feel very sick. The wight hits you with a +2 battleaxe.
You partially resist.
You feel drained.
The wight hits you with a +0 great sword!
* * * LOW HITPOINT WARNING * * *
The wight hits you with a +1 dagger of venom.
* * * LOW HITPOINT WARNING * * *
You are lethally poisoned!
The wight hits you with a +2 battleaxe!
You die...

#.# ######### #.#
#.......# #.# #.#####.#
#.#### #.# #.# #....###
#.# #.#####....... #.#
#.#...........
#.#####.##.###......
##.z@z.......(.....#.
######..z...####.#........
#.......#...####.#...#.#.#
#.####.##.#.#....#........
#.# #.##.#(..####....#.#.
#.# #.##.#...# #...#.....
#.# #.##.#...# #.#...#.>.
#.# #.##.#...###...#.....
#.# #.#..............#.#.


You could see 3 wights.

Vanquished Creatures
  A black bear (D:6)
  3 ice beasts (D:6)
  4 ogres
  A bullfrog (D:6)
  2 scorpions
  A wight (D:6)
  A hound (D:5)
  A bombardier beetle (D:5)
  Crazy Yiuf (D:5)
  3 iguanas
  An orc wizard (D:5)
  4 gnolls
  4 adders
  A white imp (D:3)
  5 dart slugs
  A ribbon worm (D:4)
  10 orcs
  7 ball pythons
  7 bats
  6 endoplasms
  8 goblins
  7 hobgoblins
  4 jackals (D:2)
  7 kobolds
  2 quokkas (D:2)
  8 frilled lizards
  4 rats
104 creatures vanquished.

Notes
Turn   | Place    | Note
-------+----------+-------------------------------------------
     0 | D:1      | hikkokomori the Formicid Fighter began the quest for the
                  | Orb.
     0 | D:1      | Reached XP level 1. HP: 18/18 MP: 1/1
    95 | D:1      | Reached XP level 2. HP: 21/24 MP: 2/2
   588 | D:2      | Reached XP level 3. HP: 20/29 MP: 3/3
  1067 | D:2      | Identified the +7 war axe of Fortitude {heavy, rC+ rN++
                  | Int+6}
  1314 | D:2      | Reached XP level 4. HP: 33/37 MP: 4/4
  1616 | D:3      | Found a bloodstained altar of Trog.
  1630 | D:3      | Found a shimmering blue altar of Sif Muna.
  1634 | D:3      | Got Sif Muna's Precepts of the Missiles
  1651 | D:3      | Reached XP level 5. HP: 42/42 MP: 5/5
  2064 | D:4      | Reached skill level 5 in Shields
  2101 | D:4      | Reached XP level 6. HP: 28/49 MP: 6/6
  2367 | D:4      | Noticed an ogre
  2373 | D:4      | Killed an ogre
  2735 | D:4      | Learned a level 4 spell: Olgreb's Toxic Radiance
  2768 | D:5      | Entered Level 5 of the Dungeon
  2882 | D:5      | Reached skill level 1 in Alchemy
  2882 | D:5      | Reached XP level 7. HP: 41/55 MP: 7/7
  2935 | D:5      | Reached skill level 5 in Fighting
  3002 | D:5      | Found a runed translucent door.
  3003 | D:5      | Noticed Crazy Yiuf
  3065 | D:5      | Reached skill level 5 in Armour
  3065 | D:5      | Reached skill level 1 in Spellcasting
  3437 | D:5      | Found an ornate altar of the Wu Jian Council.
  3590 | D:5      | Killed Crazy Yiuf
  3673 | D:6      | Found an opulent altar of Gozag.
  3704 | D:6      | Reached XP level 8. HP: 45/63 MP: 9/11
  4017 | D:6      | Found a staircase to the Ecumenical Temple.
  4151 | Temple   | Found a transporter.
  4151 | Temple   | Found a transporter.
  4151 | Temple   | Found a transporter.
  4151 | Temple   | Found a transporter.
  4151 | Temple   | Entered the Ecumenical Temple
  4177 | Temple   | Became a worshipper of Qazlal Stormbringer
  4188 | Temple   | Learned a level 3 spell: Mephitic Cloud
  4862 | D:7      | Noticed Duvessa
  4862 | D:7      | Noticed Dowan
  4867 | D:6      | Reached skill level 5 in Axes
  4996 | D:6      | Slain by a wight

Illustrated notes

Levels and vault maps discovered:
D:1:      sevenhm_arrival_forest_fort_large_2, layout_rooms, glass_columns_a,
          grunt_decor_fettered
D:2:      layout_basic, minmay_pentomino_t4
D:3:      wad_pebble_path, layout_basic, nzn_overflow_gifts_of_might_and_magic,
          solitary_fountain
D:4:      layout_basic
D:5:      layout_basic, general_overflow_altar, corexii_checkpoint,
          uniq_crazy_yiuf_cottage
D:6:      layout_basic, grunt_gozag_statues, minmay_temple_entry_sparse_star,
          serial_bayou_crossing
D:7:      kb_forest_paths, layout_basic, uniq_duvessa
Temple:   hellmonk_temple_divided_pantheon

Skill      XL: |  1  2  3  4  5  6  7  8 |
---------------+-------------------------+-----
Fighting       | 4 5 6 |  6.2
Armour         | 4 5 6 |  6.1
Axes           | 3 4 5 |  5.0
Shields        | 5 |  5.7
Alchemy        | 1 3 4 |  4.3
Spellcasting   | 2 3 |  3.2

Action                     |  1- 3 |  4- 6 |  7- 9 || total
---------------------------+-------+-------+-------++-------
  Melee: War axe           |    86 |    80 |    49 ||   215
  Throw: Dart              |     2 |     1 |       ||     3
    Use: Scroll            |       |       |    11 ||    11
 Armour: Scale mail        |    62 |    57 |    53 ||   172
  Dodge: Dodged            |    36 |    43 |    27 ||   106
  Block: Buckler           |    19 |    16 |    20 ||    55
